 Dungeon Crawl Stone Soup version 0.19.5 (webtiles) character file.

37 Monsterracer the Chucker (level 3, -5/36 HPs)
             Began as an Ogre Hunter on May 1, 2017.
             Was an Initiate of Okawaru.
             Killed by divine providence
             ... invoked by an orc priest
              (13 damage)
             ... on level 3 of the Dungeon.
             The game lasted 00:04:39 (1839 turns).

Monsterracer the Chucker (Ogre Hunter)              Turns: 1839, Time: 00:04:40

Health: -5/36      AC:  3    Str: 17    XL:     3   Next: 39%
Magic:  3/3        EV: 10    Int: 11    God:    Okawaru [......]
Gold:   81         SH:  0    Dex: 10    Spells: 0 memorised, 2 levels left

rFire  . . .     SeeInvis .     e - +0 club
rCold  . . .     Gourm    .     b - +0 robe
rNeg   . . .     Faith    .     (no shield)
rPois  +         Spirit   .     (helmet restricted)
rElec  .         Reflect  .     (no cloak)
rCorr  .         Harm     .     (gloves unavailable)
MR     .....                    (boots unavailable)
Stlth  +.........               (no amulet)
                                (no ring)
                                a - ring of poison resistance

@: no status effects
A: unfitting armour, tough skin 1
a: Renounce Religion


You were on level 3 of the Dungeon.
You worshipped Okawaru.
Okawaru was noncommittal.
You were hungry.

You visited 1 branch of the dungeon, and saw 3 of its levels.

You collected 81 gold pieces.

Inventory:

Hand Weapons
 e - a +0 club (weapon)
Missiles
 d - 2 throwing nets (quivered)
Armour
 b - a +0 robe (worn)
Jewellery
 a - a ring of poison resistance (left hand)
 l - an uncursed ring of ice
Scrolls
 g - a scroll of noise {unknown}
 h - a scroll of magic mapping {unknown}
 i - 2 scrolls of remove curse {unknown}
 j - a scroll of identify {unknown}
 m - a scroll of teleportation {unknown}
Comestibles
 f - a bread ration
 k - a meat ration


   Skills:
 - Level 2.6 Fighting
 * Level 2.6 Maces & Flails
 + Level 4.5 Throwing
 - Level 1.7 Dodging
 - Level 0.6 Stealth


You had 2 spell levels left.
You didn't know any spells.

Dungeon Overview and Level Annotations

Branches:
Dungeon (3/15)

Altars:
Okawaru
Ru
Zin


Innate Abilities, Weirdness & Mutations

You are too large for most types of armour.
You have tough skin. (AC +1)


Message History

The orc barely misses you.
A hobgoblin comes into view. It is wielding a club.
The hobgoblin shouts!
You hit the orc priest but do no damage.
The orc priest is severely wounded.
The orc barely misses you. The orc priest hits you with a whip.
The orc hits you but does no damage.
You hit the orc priest but do no damage.
The orc priest is severely wounded.
The orc hits you with a war axe!
* * * LOW HITPOINT WARNING * * *
The orc priest hits you with a whip.
* * * LOW HITPOINT WARNING * * *
The orc barely misses you.
The orc priest casts a cantrip, but nothing happens.
The orc priest mumbles some strange prayers to Beogh against you.
You barely resist.
The orc priest mumbles some strange prayers to Beogh against you.
Beogh smites you!
You die...

. #.##.######
..((#..?......#
..(.?.(.o# #.#
...##.##g# #.#
#.##.##o####.######.#
.......o.............
#.##.##.###..........
.. #.###..######.#
#.# #.@<...# #
#..............
#########.##### #.#
#.# #.# #.#


You could see an orc priest, 2 orcs and a hobgoblin.

Vanquished Creatures
  A dart slug (D:2)
  A leopard gecko (D:1)
  2 orcs (D:3)
  3 giant cockroaches (D:1)
  A goblin (D:1)
  6 hobgoblins
  9 bats
  3 frilled lizards
  4 kobolds (D:1)
30 creatures vanquished.

Notes
Turn   | Place    | Note
-------+----------+-------------------------------------------
     0 | D:1      | Monsterracer the Ogre Hunter began the quest for the Orb.
     0 | D:1      | Reached XP level 1. HP: 22/22 MP: 1/1
   149 | D:1      | Reached skill level 1 in Maces & Flails
   149 | D:1      | Reached XP level 2. HP: 27/29 MP: 2/2
  1129 | D:2      | Reached XP level 3. HP: 36/36 MP: 3/3
  1134 | D:2      | Found a sacrificial altar of Ru.
  1377 | D:2      | Found an iron altar of Okawaru.
  1386 | D:2      | Found a glowing silver altar of Zin.
  1388 | D:2      | Became a worshipper of Warmaster Okawaru
  1839 | D:3      | Killed from afar by an orc priest

Skill      XL: |  1  2 |
---------------+-------+-----
Maces & Flails | 1 2 |  2.6
Fighting       | |  2.6
Throwing       | |  4.5
Dodging        | |  1.7
Stealth        | |  0.6

Action                   || total
-------------------------++-------
Melee: Short sword       ||     8
       Club              ||    73
Throw: Large rock        ||    27
  Use: Potion            ||     4
 Stab: Sleeping          ||     1
  Eat: Chunk             ||     2
Armor: Robe              ||    50
Dodge: Dodged            ||    67
